 Dungeon Crawl Stone Soup version 0.32-a0-818-gb728d0252e (console) character file.

Game seed: 1697616305519760732

128488 jejorda2 the Spear-Bearer (level 17, -4/205 HPs)
             Began as a Gnoll Berserker on Mar 23, 2024.
             Was a High Priest of Trog.
             Killed from afar by Aizul (10 damage)
             ... with a poison arrow
             ... on level 1 of the Swamp.
             The game lasted 01:03:36 (24307 turns).

jejorda2 the Spear-Bearer (Gnoll Berserker)        Turns: 24307, Time: 01:03:36

Health: -4/205     AC: 25    Str: 23    XL:     17   Next: 3%
Magic:  32/32      EV: 10    Int:  9    God:    Trog [*****.]
Gold:   761        SH:  0    Dex: 11    Spells: 39/39 levels left

rFire   . . .        a - +0 halberd (spect)
rCold   . . .        (shield currently unavailable)
rNeg    + . .        l - +3 plate armour
rPois   +            u - +2 helmet
rElec   +            G - +0 cloak
rCorr   .            Z - +0 pair of gloves "Yseuqenn" {rPois rF- rN+}
SInv    .            (no boots)
Will    +....        E - amulet "Tesabo Uso" {+Blink rElec Regen+} Stlth
                     R - ring of protection from fire
HPRegen 1.34/turn    U - ring of flight
MPRegen 0.23/turn

%: no passive effects
@: berserking (expiring), lethally poisoned (-4 -> -23), flying, very quick
A: fangs 1, strong nose, distributed training
a: Renounce Religion, Evoke Blink, Berserk, Trog's Hand, Brothers in Arms


You were on level 1 of the Swamp.
You worshipped Trog.
Trog was extremely pleased with you.
You visited 4 branches of the dungeon, and saw 23 of its levels.
You also visited: Sewer.

You collected 2230 gold pieces.
You spent 1469 gold pieces at shops.

Inventory:

Hand Weapons
 a - a +0 spectral halberd (weapon)
 b - a +3 trident
Missiles
 c - 3 curare-tipped darts
 j - 34 poisoned darts (quivered)
 q - 5 boomerangs
 F - 4 atropa-tipped darts
 L - a throwing net
 P - 10 javelins
Armour
 l - a +3 plate armour (worn)
 u - a +2 helmet (worn)
 G - a +0 cloak (worn)
 Z - the +0 pair of gloves "Yseuqenn" (worn) {rPois rF- rN+}
   (You bought it in a shop on level 2 of the Orcish Mines)

   rF-:       It makes you vulnerable to fire.
   rPois:     It protects you from poison.
   rN+:       It protects you from negative energy.
Jewellery
 E - the amulet "Tesabo Uso" (around neck) {+Blink rElec Regen+}
   (You found it on level 7 of the Dungeon)

   [amulet of regeneration]

   rElec:     It insulates you from electricity.
   +Blink:    It lets you blink.
   Regen+:    It increases your rate of health regeneration.
 R - a ring of protection from fire (left hand)
 S - a ring of ice
 U - a ring of flight (right hand)
Wands
 e - a wand of acid (15)
 t - a wand of polymorph (12)
 A - a wand of charming (12)
 K - a wand of flame (51)
 M - a wand of roots (2)
 V - a wand of digging (8)
Scrolls
 k - 11 scrolls of teleportation
 n - a scroll of fear
 p - a scroll of fog
 x - 5 scrolls of summoning
 B - 3 scrolls of blinking
 C - 2 scrolls of immolation
 N - 4 scrolls of poison
 T - a scroll of silence
Potions
 d - 5 potions of haste
 f - 4 potions of attraction
 h - 7 potions of heal wounds
 i - 3 potions of might
 o - 3 potions of invisibility
 r - 2 potions of ambrosia
 s - 2 potions of resistance
 v - a potion of enlightenment
 w - 10 potions of curing
 z - 3 potions of mutation
 O - 2 potions of cancellation
Miscellaneous
 D - a tin of tremorstones (2/2)


   Skills:
 + Level 13.3 Fighting
 + Level 11.7 Short Blades
 + Level 11.7 Long Blades
 + Level 11.7 Axes
 + Level 11.7 Maces & Flails
 + Level 13.3 Polearms
 + Level 11.7 Staves
 + Level 11.7 Ranged Weapons
 + Level 11.7 Throwing
 + Level 12.5 Armour
 + Level 12.5 Dodging
 + Level 11.7 Stealth
 + Level 11.7 Shields
 + Level 11.7 Unarmed Combat
 + Level 11.7 Spellcasting
 + Level 9.9 Conjurations
 + Level 9.9 Hexes
 + Level 9.9 Summonings
 + Level 9.9 Necromancy
 + Level 9.9 Translocations
 + Level 9.9 Fire Magic
 + Level 9.9 Ice Magic
 + Level 9.9 Air Magic
 + Level 9.9 Earth Magic
 + Level 9.9 Alchemy
 + Level 12.7 Invocations
 + Level 11.7 Evocations
 + Level 10.8 Shapeshifting


You had 39 spell levels left.
You didn't know any spells.
Your spell library was empty.

Dungeon Overview and Level Annotations

Branches:
Dungeon (15/15)            Temple (0/1) D:6            Lair (5/5) D:10
  Swamp (1/4) Lair:3        Snake (0/4) Lair:3        Slime (0/5) Lair:4
    Orc (2/2) D:9             Elf (0/3) Orc:2        Vaults (0/5) D:13
 Depths (0/4) D:15          Sewer (visited)

Altars:
Ashenzari
Cheibriados
Elyvilon
Gozag
Makhleb
Nemelex Xobeh
Qazlal
Sif Muna
Yredelemnul
Zin
Jiyva

Shops:
D:6 [*   D:8 [   D:9 (   Orc:2 [***(

Annotations:
D:12 2 transporters
Swamp:1 Aizul


Innate Abilities, Weirdness & Mutations

You have very sharp teeth.
Your uncanny sense of smell can sniff out nearby items.
Your experience applies equally to all skills.


Message History

You barely miss Aizul.
Aizul is almost dead.
Your +0 spectral halberd hits Aizul but does no damage.
You feel sick.
Aizul coils herself and waves her upper body at you.
The bolt of poison hits you.
You are more poisoned.
You resist.
* * * LOW HITPOINT WARNING * * *
You barely miss Aizul.
Aizul is almost dead.
Your +0 spectral halberd closely misses Aizul.
You feel very sick. Aizul barely misses you.
You miss Aizul. Your bite misses Aizul.
Aizul is almost dead.
Your +0 spectral halberd barely misses Aizul.
You feel very sick. Aizul hits you but does no damage.
You closely miss Aizul.
Aizul is almost dead.
Your +0 spectral halberd misses Aizul.
You feel very sick. Aizul hits you!
* * * LOW HITPOINT WARNING * * *
You barely miss Aizul.
Aizul is almost dead.
Your +0 spectral halberd hits Aizul!
* * * LOW HITPOINT WARNING * * *
You feel very sick.
You miss Aizul.
Aizul is almost dead.
Your +0 spectral halberd misses Aizul.
* * * LOW HITPOINT WARNING * * *
You feel sick.
Aizul coils herself and waves her upper body at you.
The poison arrow hits you!
You are more poisoned.
You partially resist.
You die...

≈≈≈≈≈≈♣.....~~.....~~.♣♣
≈≈≈≈≈≈≈♣.♣.~~~~..♣~~~~.~
♣≈≈≈≈≈♣~♣♣..~~~..~...~.~
♣♣≈≈≈.~. ♣♣.~~~...♣♣....
♣♣♣♣♣.~ ♣♣....~~......
♣.~ ♣♣..♣~~..### ♣♣.
♣♣♣♣....# ♣♣ ♣....#
♣@...# ♣(S~...#
♣......#... ♣...~...#...
.~.~..~..# ##
~....~.~...
.~..~...~....
.~~.♣♣.~.§....


You could see Aizul and a friendly +0 spectral halberd.

Vanquished Creatures
  Jorgrun (Swamp:1)
  A sphinx (D:15)
  Louise (D:15)
  Azrael (D:12)
  A fire dragon (D:15)
  A vault guard (D:13)
  7 ogre magi
  Erica (D:11)
  2 catoblepae
  A boulder beetle (D:12)
  6 hydras
  6 centaur warriors
  A deep troll earth mage (D:15)
  An anaconda (Lair:5)
  A hell hog (Lair:5)
  A demonic crawler (Lair:5)
  31 two-headed ogres
  15 death yaks
  4 skysharks
  2 bog bodies (Lair:3)
  4 orc knights
  15 ugly things
  4 deep elf pyromancers
  Maurice (Orc:1)
  2 wolf spiders
  A manticore (D:15)
  3 cyclopes
  A guardian serpent (Lair:4)
  A kobold blastminer (Orc:2)
  16 elephants
  A torpor snail (Lair:4)
  A torpor snail (shapeshifter) (D:15)
  A gargoyle (D:13)
  10 black mambas
  An unseen horror (D:11)
  15 cane toads
  An efreet (D:15)
  12 komodo dragons
  2 rime drakes (Lair:4)
  A kobold demonologist (D:12)
  A bloated husk (Swamp:1)
  8 trolls
  4 hornets
  Grinder (D:3)
  2 tyrant leeches
  10 polar bears
  14 blink frogs
  2 raiju (Lair:5)
  10 dream sheep
  A slime creature (D:13)
  A centaur simulacrum (D:12)
  A wraith (D:13)
  A spriggan (shapeshifter) (D:14)
  A vampire (D:13)
  2 fire elementals (D:12)
  2 humans (D:11)
  2 shadows (D:10)
  44 yaks
  16 wyverns
  4 basilisks
  3 redbacks (Lair:5)
  5 steam dragons
  5 wargs
  9 vampire mosquitoes
  3 nagas (Lair:3)
  5 swamp worms
  21 water moccasins
  3 acid dragons
  Duvessa (D:6)
  19 hell hounds
  16 orc warriors
  An ice beast (D:8)
  A sky beast (D:8)
  15 black bears
  2 laughing skulls (D:15)
  28 ogres
  21 wolves
  12 centaurs
  3 phantoms
  5 kobold brigands
  11 bullfrogs
  2 gnoll sergeants
  2 scorpions
  6 wights (D:8)
  Dowan (D:6)
  10 killer bees
  An electric eel (Lair:3)
  7 howler monkeys
  9 orc priests
  A gnoll bouda (D:8)
  7 hounds
  7 jellies
  Jessica (D:2)
  2 iguanas
  2 sleepcaps
  18 orc wizards
  2 hell rats (Lair:5)
  14 gnolls
  2 river rats (Sewer)
  7 adders
  2 shadow imps
  3 white imps
  A dart slug (D:3)
  4 ribbon worms
  56 orcs
  11 endoplasms
  15 giant cockroaches
  14 goblins
  7 hobgoblins
  7 jackals
  5 quokkas
  7 ball pythons
  A bat (D:1)
  6 frilled lizards
  18 kobolds
  7 rats
759 creatures vanquished.

Vanquished Creatures (collateral kills)
  An ogre mage (Orc:2)
  5 death yaks (Lair:5)
  2 two-headed ogres (Orc:2)
  A dream sheep (D:11)
  6 yaks
  A water moccasin (Lair:5)
  3 ogres (Orc:2)
  3 hell rats (Lair:5)
22 creatures vanquished.

Vanquished Creatures (others)
  An unseen horror (D:13)
  38 spectral weapons
39 creatures vanquished.

Grand Total: 820 creatures vanquished

Notes
Turn   | Place    | Note
-------+----------+-------------------------------------------
     0 | D:1      | jejorda2 the Gnoll Berserker began the quest for the Orb.
     0 | D:1      | Reached XP level 1. HP: 23/23 MP: 1/1
   168 | D:1      | Reached XP level 2. HP: 29/29 MP: 2/2
   320 | D:1      | Identified the +0 pair of gloves of Fiokleigh {Will+ Dex+4}
  1024 | D:2      | Reached XP level 3. HP: 35/35 MP: 2/4
  1056 | D:2      | Reached skill level 1 in Invocations
  1070 | D:2      | Noticed Jessica
  1075 | D:2      | Killed Jessica
  1075 | D:2      | Reached ** piety under Trog
  1076 | D:2      | Reached skill level 1 in Short Blades
  1076 | D:2      | Reached skill level 1 in Long Blades
  1076 | D:2      | Reached skill level 1 in Axes
  1076 | D:2      | Reached skill level 1 in Maces & Flails
  1076 | D:2      | Reached skill level 1 in Staves
  1076 | D:2      | Reached skill level 1 in Ranged Weapons
  1076 | D:2      | Reached skill level 1 in Throwing
  1076 | D:2      | Reached skill level 1 in Stealth
  1076 | D:2      | Reached skill level 1 in Shields
  1076 | D:2      | Reached skill level 1 in Unarmed Combat
  1076 | D:2      | Reached skill level 1 in Spellcasting
  1076 | D:2      | Reached skill level 1 in Evocations
  1076 | D:2      | Reached skill level 1 in Shapeshifting
  1076 | D:2      | Reached XP level 4. HP: 41/41 MP: 5/5
  1368 | D:2      | Reached skill level 1 in Conjurations
  1368 | D:2      | Reached skill level 1 in Hexes
  1368 | D:2      | Reached skill level 1 in Summonings
  1368 | D:2      | Reached skill level 1 in Necromancy
  1368 | D:2      | Reached skill level 1 in Translocations
  1368 | D:2      | Reached skill level 1 in Fire Magic
  1368 | D:2      | Reached skill level 1 in Ice Magic
  1368 | D:2      | Reached skill level 1 in Air Magic
  1368 | D:2      | Reached skill level 1 in Earth Magic
  1368 | D:2      | Reached skill level 1 in Alchemy
  1751 | D:3      | Noticed Grinder
  1794 | D:3      | Killed Grinder
  1795 | D:3      | Reached skill level 5 in Armour
  1795 | D:3      | Reached skill level 5 in Dodging
  1795 | D:3      | Reached XP level 5. HP: 47/47 MP: 5/8
  1795 | D:3      | Reached XP level 6. HP: 53/53 MP: 5/9
  2560 | D:3      | Reached *** piety under Trog
  2633 | D:3      | Identified the +0 robe of Vermicelli {Rampage +Blink}
  2743 | D:4      | Reached XP level 7. HP: 60/60 MP: 10/10
  3713 | D:5      | Entered Level 5 of the Dungeon
  3721 | D:5      | Found a glowing drain.
  3768 | Sewer    | Entered a sewer
  4095 | Sewer    | Reached XP level 8. HP: 52/67 MP: 12/12
  5039 | D:5      | Found a glowing silver altar of Zin.
  5279 | D:6      | Noticed Duvessa
  5279 | D:6      | Noticed Dowan
  5289 | D:6      | Killed Duvessa
  5293 | D:6      | Killed Dowan
  5293 | D:6      | Reached **** piety under Trog
  5360 | D:6      | Reached XP level 9. HP: 73/73 MP: 14/14
  5502 | D:6      | Found Fiha's Neck Hole.
  5794 | D:6      | Found Odui's Armour Shoppe.
  5847 | D:6      | Found a staircase to the Ecumenical Temple.
  6159 | D:7      | Identified the amulet "Tesabo Uso" {+Blink rElec Regen+}
  6237 | D:7      | Reached skill level 5 in Invocations
  6389 | D:7      | Noticed a hornet
  6409 | D:7      | Killed a hornet
  6410 | D:7      | Reached skill level 5 in Short Blades
  6410 | D:7      | Reached skill level 5 in Long Blades
  6410 | D:7      | Reached skill level 5 in Axes
  6410 | D:7      | Reached skill level 5 in Maces & Flails
  6410 | D:7      | Reached skill level 5 in Staves
  6410 | D:7      | Reached skill level 5 in Ranged Weapons
  6410 | D:7      | Reached skill level 5 in Throwing
  6410 | D:7      | Reached skill level 5 in Stealth
  6410 | D:7      | Reached skill level 5 in Shields
  6410 | D:7      | Reached skill level 5 in Unarmed Combat
  6410 | D:7      | Reached skill level 5 in Spellcasting
  6410 | D:7      | Reached skill level 5 in Evocations
  6410 | D:7      | Reached XP level 10. HP: 81/81 MP: 17/17
  6521 | D:7      | Found a burning altar of Makhleb.
  6521 | D:7      | Found a shimmering blue altar of Sif Muna.
  6522 | D:7      | Found a snail-covered altar of Cheibriados.
  6553 | D:7      | Found a broken altar of Ashenzari.
  6553 | D:7      | Found a basalt altar of Yredelemnul.
  6553 | D:7      | Found a stormy altar of Qazlal.
  7261 | D:8      | Reached skill level 5 in Shapeshifting
  7657 | D:8      | Found Ucedaawn's Armour Shoppe.
  7702 | D:9      | Found Loojot's Weapon Shoppe.
  7703 | D:9      | Found a staircase to the Orcish Mines.
  7867 | D:9      | Found an opulent altar of Gozag.
  8132 | D:9      | Noticed a two-headed ogre
  8141 | D:9      | Killed a two-headed ogre
  8142 | D:9      | Reached skill level 5 in Conjurations
  8142 | D:9      | Reached skill level 5 in Hexes
  8142 | D:9      | Reached skill level 5 in Summonings
  8142 | D:9      | Reached skill level 5 in Necromancy
  8142 | D:9      | Reached skill level 5 in Translocations
  8142 | D:9      | Reached skill level 5 in Fire Magic
  8142 | D:9      | Reached skill level 5 in Ice Magic
  8142 | D:9      | Reached skill level 5 in Air Magic
  8142 | D:9      | Reached skill level 5 in Earth Magic
  8142 | D:9      | Reached skill level 5 in Alchemy
  8142 | D:9      | Reached XP level 11. HP: 54/89 MP: 18/20
  8277 | D:10     | Entered Level 10 of the Dungeon
  8277 | D:10     | Noticed a centaur warrior
  8288 | D:10     | Killed a centaur warrior
  8346 | D:10     | Found a staircase to the Lair.
  9047 | Lair:1   | Entered Level 1 of the Lair of Beasts
  9302 | Lair:1   | Reached ***** piety under Trog
  9604 | Lair:1   | Reached XP level 12. HP: 97/97 MP: 22/22
  9947 | Lair:2   | Reached skill level 10 in Fighting
  9947 | Lair:2   | Reached skill level 10 in Polearms
 10275 | Lair:2   | Noticed a five-headed hydra
 10286 | Lair:2   | Killed a five-headed hydra
 10963 | Lair:3   | Found a sparkling altar of Nemelex Xobeh.
 11260 | Lair:3   | Noticed a skyshark
 11268 | Lair:3   | Killed a skyshark
 11269 | Lair:3   | Reached XP level 13. HP: 94/104 MP: 25/25
 11474 | Lair:3   | Found a staircase to the Swamp.
 11536 | Lair:3   | Found a staircase to the Snake Pit.
 12071 | Lair:4   | Identified the +4 mace "Fabiogig" {protect, rN+}
 12163 | Lair:4   | Received a gift from Trog
 12169 | Lair:4   | Reached skill level 10 in Armour
 12169 | Lair:4   | Reached skill level 10 in Dodging
 12855 | Lair:4   | Reached XP level 14. HP: 110/113 MP: 27/27
 12973 | Lair:4   | Found a staircase to the Slime Pits.
 12980 | Lair:4   | Found a viscous altar of Jiyva.
 13177 | Lair:5   | Entered Level 5 of the Lair of Beasts
 13223 | Lair:5   | Reached skill level 10 in Invocations
 13874 | Lair:5   | Paralysed by a hornet for 1 turns
 15048 | Lair:5   | Reached skill level 10 in Short Blades
 15048 | Lair:5   | Reached skill level 10 in Long Blades
 15048 | Lair:5   | Reached skill level 10 in Axes
 15048 | Lair:5   | Reached skill level 10 in Maces & Flails
 15048 | Lair:5   | Reached skill level 10 in Staves
 15048 | Lair:5   | Reached skill level 10 in Ranged Weapons
 15048 | Lair:5   | Reached skill level 10 in Throwing
 15048 | Lair:5   | Reached skill level 10 in Stealth
 15048 | Lair:5   | Reached skill level 10 in Shields
 15048 | Lair:5   | Reached skill level 10 in Unarmed Combat
 15048 | Lair:5   | Reached skill level 10 in Spellcasting
 15048 | Lair:5   | Reached skill level 10 in Evocations
 15304 | Lair:5   | Reached XP level 15. HP: 105/120 MP: 29/29
 15413 | Lair:5   | Identified the maw talisman "Pureufae" {MP+9 Stlth+}
 18011 | D:11     | Noticed Erica
 18024 | D:11     | Killed Erica
 18652 | D:12     | Noticed Azrael
 18668 | D:12     | Killed Azrael
 18867 | D:12     | Found a transporter.
 18867 | D:12     | Found a white marble altar of Elyvilon.
 18881 | D:12     | Found a transporter.
 19654 | D:13     | Found a gate to the Vaults.
 20899 | D:15     | Entered Level 15 of the Dungeon
 20984 | D:15     | Received a gift from Trog
 20992 | D:15     | Reached skill level 10 in Shapeshifting
 21132 | D:15     | Reached XP level 16. HP: 129/129 MP: 30/30
 21582 | D:15     | Noticed Louise
 21597 | D:15     | Killed Louise
 21966 | D:15     | Noticed a sphinx
 21975 | D:15     | Killed a sphinx
 22027 | D:15     | Found a staircase to the Depths.
 22409 | Orc:1    | Entered Level 1 of the Orcish Mines
 22410 | Orc:1    | Noticed Maurice
 22423 | Orc:1    | Killed Maurice
 22617 | Orc:2    | Entered Level 2 of the Orcish Mines
 22644 | Orc:2    | Found Coreococ's Antique Armour Shoppe.
 22655 | Orc:2    | Identified the +2 glaive of Trog's Fury {heavy, ^Drain
                  | rElec rC+++ SInv} (Trog gifted it to you on level 2 of the
                  | Orcish Mines)
 22655 | Orc:2    | Received a gift from Trog
 22664 | Orc:2    | Bought a pair of slimy gloves for 361 gold pieces
 22664 | Orc:2    | Identified the +0 pair of gloves "Yseuqenn" {rPois rF- rN+}
                  | (You bought it in a shop on level 2 of the Orcish Mines)
 22815 | Orc:2    | Found a staircase to the Elven Halls.
 23438 | Orc:2    | Found Jedyopro's Assorted Antiques.
 23438 | Orc:2    | Found Biusmyes's Weapon Boutique.
 23440 | Orc:2    | Found Zascheolu's Assorted Antiques.
 23440 | Orc:2    | Found Repunab's Assorted Antiques.
 23499 | Orc:2    | Bought a scroll labelled URUZ URAFIC for 21 gold pieces
 23833 | Orc:2    | Bought a tin of tremorstones (2/2) for 840 gold pieces
 23834 | Orc:2    | Bought a shiny kite shield for 247 gold pieces
 24026 | Swamp:1  | Entered Level 1 of the Swamp
 24054 | Swamp:1  | Noticed Jorgrun
 24068 | Swamp:1  | Killed Jorgrun
 24069 | Swamp:1  | Reached XP level 17. HP: 137/137 MP: 32/32
 24277 | Swamp:1  | Identified the serpent talisman "Gason" {rF+ Int+2 Dex+3}
 24277 | Swamp:1  | Noticed Aizul
 24305 | Swamp:1  | HP: 10/205 [Aizul (16)]
 24307 | Swamp:1  | Killed from afar by Aizul

Illustrated notes

Levels and vault maps discovered:
D:1:      psy_arrival_spokes, layout_basic, st_stairs_4, dk_noncrumbling_4
D:2:      minmay_roachtagon, layout_basic, uniq_jessica
D:3:      layout_loops_corners, grunt_ministairs_14, uniq_grinder
D:4:      layout_loops_ring, minmay_misc_feat_doors
D:5:      kennysheep_steamy, layout_basic, zin_academy, portal_sewer_entry_a,
          chequers_serial_rivers_room_b
D:6:      layout_gridville, minmay_temple_entry_metal_lava, serial_shops, shop,
          nicolae_shop_sticking_my_neck_out, uniq_duvessa
D:7:      layout_rooms, grunt_temple_overflow_open, st_stairs_12
D:8:      layout_loops_ring, serial_shops, kennysheep_little_box
D:9:      layout_roguey, mainiacjoe_overflow_paths, orc_david_3
D:10:     kennysheep_spiral_hall, layout_rooms, david_lair_generic
D:11:     slaughterhouse, layout_loops_ring, uniq_erica
D:12:     layout_irregular_city, elyvilon_altar_4, uniq_azrael
D:13:     layout_loops_ring, david_vaults_5, nrook_loot_triangle, moated_statue
D:14:     layout_cave_pods, kennysheep_cross_room, small_statue_intersection
D:15:     hellmonk_depths_entry_around_the_bend, layout_basic,
          amcnicky_mini_rare_corridor_liquid, uniq_louise
Lair:1:   layout_roguey
Lair:2:   layout_gridlike, serial_bayou_shore_b
Lair:3:   layout_loops_ring, nicolae_swamp_entry_splash_gauntlet,
          nicolae_snake_entry_squirm, basic_altar, lemuel_fruit_fields
Lair:4:   layout_layer_cave, nicolae_slime_entry_field_trip,
          nicolae_lair_grove_arrangements
Lair:5:   hangedman_lair_caniforms_friends, layout_layer_cave,
          hangedman_lair_tendril_chambers, worms_lemuel
Swamp:1:  layout_basic_swamp, evilmike_swamp_ruin_house_1, swamp_pool_1_2,
          hangedman_swamp_lotus, hangedman_swamp_diagram, uniq_nikola,
          uniq_aizul, uniq_jorgrun
Orc:1:    lemuel_ogre_cave, layout_caves, uniq_maurice
Orc:2:    st_orc_ogre_mass, layout_diamond_mine, serial_shops,
          nicolae_shop_competitors_out_of_business, nicolae_orc_hostile_takeover

Skill      XL: |  1  2  3  4  5  6  7  8  9 10 11 12 13 14 15 16 |
---------------+-------------------------------------------------+-----
Invocations    | 1 2 3 4 5 6 7 8 9 10 11 12 | 12.7
Short Blades   | 1 2 3 5 6 7 8 9 10 11 | 11.7
Long Blades    | 1 2 3 5 6 7 8 9 10 11 | 11.7
Axes           | 1 2 3 5 6 7 8 9 10 11 | 11.7
Maces & Flails | 1 2 3 5 6 7 8 9 10 11 | 11.7
Staves         | 1 2 3 5 6 7 8 9 10 11 | 11.7
Ranged Weapons | 1 2 3 5 6 7 8 9 10 11 | 11.7
Throwing       | 1 2 3 5 6 7 8 9 10 11 | 11.7
Stealth        | 1 2 3 5 6 7 8 9 10 11 | 11.7
Shields        | 1 2 3 5 6 7 8 9 10 11 | 11.7
Unarmed Combat | 1 2 3 5 6 7 8 9 10 11 | 11.7
Spellcasting   | 1 2 3 5 6 7 8 9 10 11 | 11.7
Evocations     | 1 2 3 5 6 7 8 9 10 11 | 11.7
Shapeshifting  | 1 2 3 4 5 6 7 8 9 10 | 10.8
Conjurations   | 1 2 3 4 5 6 7 8 9 |  9.9
Hexes          | 1 2 3 4 5 6 7 8 9 |  9.9
Summonings     | 1 2 3 4 5 6 7 8 9 |  9.9
Necromancy     | 1 2 3 4 5 6 7 8 9 |  9.9
Translocations | 1 2 3 4 5 6 7 8 9 |  9.9
Fire Magic     | 1 2 3 4 5 6 7 8 9 |  9.9
Ice Magic      | 1 2 3 4 5 6 7 8 9 |  9.9
Air Magic      | 1 2 3 4 5 6 7 8 9 |  9.9
Earth Magic    | 1 2 3 4 5 6 7 8 9 |  9.9
Alchemy        | 1 2 3 4 5 6 7 8 9 |  9.9
Armour         | 5 6 7 8 9 10 11 12 | 12.5
Dodging        | 5 6 7 8 9 10 11 12 | 12.5
Fighting       | 7 8 9 10 11 12 13 | 13.3
Polearms       | 7 8 9 10 11 12 13 | 13.3

Action                     |  1- 3 |  4- 6 |  7- 9 | 10-12 | 13-15 | 16-18 || total
---------------------------+-------+-------+-------+-------+-------+-------++-------
  Melee: Spear             |    80 |   220 |   532 |     2 |       |       ||   834
         Bite              |     9 |    12 |    59 |    60 |   192 |    76 ||   408
         Halberd           |       |       |       |   553 |  1203 |   508 ||  2264
         Trident           |       |       |       |     5 |    26 |     5 ||    36
  Throw: Boomerang         |       |       |     5 |       |     4 |       ||     9
         Dart              |       |       |     7 |    24 |    54 |    11 ||    96
 Invoke: Berserk           |       |     3 |     9 |    10 |    25 |    12 ||    59
         Trog's Hand       |       |     2 |       |     1 |    10 |    10 ||    23
         Brothers in Arms  |       |       |       |       |     3 |     1 ||     4
  Evoke: Wand              |       |       |       |       |     4 |     3 ||     7
    Use: Scroll            |       |       |     7 |    19 |     6 |     1 ||    33
         Potion            |       |       |       |       |       |     1 ||     1
   Stab: Sleeping          |     4 |     1 |       |       |       |       ||     5
         Distracted        |       |       |       |     2 |    23 |    12 ||    37
 Armour: Animal skin       |    13 |     6 |       |       |       |       ||    19
         Chain mail        |       |    43 |   124 |       |       |       ||   167
         Plate armour      |       |       |    92 |   477 |  1026 |   263 ||  1858
  Dodge: Dodged            |    27 |    77 |   218 |   486 |   925 |   257 ||  1990

Table legend: (Time is in decaauts)
 A = Elapsed time spent in this place.
 B = Non-inter-level travel time spent in this place.
 C = Inter-level travel time spent in this place.
 D = Time resting spent in this place.
 E = Time spent auto-exploring this place.
 F = Levels seen in this place.
 G = Mean time per level.
                   A        B        C        D        E       F      G
               +--------+--------+--------+--------+--------+-----+--------+
         Total |  24408 |  23026 |   1382 |   1956 |  16154 |  24 | 1017.0 |
       Dungeon |  13849 |  13070 |    779 |   1107 |   9517 |  15 |  923.3 |
          Lair |   8491 |   8021 |    470 |    844 |   5390 |   5 | 1698.2 |
         Swamp |    224 |    210 |     14 |      0 |    111 |   1 |  224.0 |
  Orcish Mines |   1414 |   1297 |    117 |      4 |    879 |   2 |  707.0 |
         Sewer |    427 |    427 |      0 |      0 |    255 |   1 |  427.0 |
               +--------+--------+--------+--------+--------+-----+--------+

Top non-repeatable levels by time:
  Lair:5: 3619 daAuts
  Lair:4: 1618 daAuts
    D:15: 1360 daAuts
  Lair:3: 1264 daAuts
     D:5: 1234 daAuts
    D:11: 1149 daAuts
  Lair:2: 1059 daAuts
   Orc:2: 1026 daAuts
     D:1: 993 daAuts
     D:4: 967 daAuts
     D:3: 929 daAuts
  Lair:1: 929 daAuts
    D:14: 911 daAuts
    D:13: 882 daAuts
     D:6: 833 daAuts
